 Dungeon Crawl Stone Soup version 0.30-a0-586-g23e55c9e0a (webtiles) character file.

Game seed: 4207906884865809928

2118 Clinker the Cudgeller (level 9, -2/87 HPs)
             Began as a Troll Fighter on Jan 3, 2023.
             Was a Follower of Cheibriados.
             Slain by a water moccasin (5 damage)
             ... on level 8 of the Dungeon.
             The game lasted 00:34:09 (6202 turns).

Clinker the Cudgeller (Troll Fighter)               Turns: 6202, Time: 00:34:10

Health: -2/87      AC:  5    Str: 26    XL:     9   Next: 8%
Magic:  8/8        EV: 10    Int: 10    God:    Cheibriados [*.....]
Gold:   352        SH:  9    Dex: 13    Spells: 8/8 levels left

rFire   . . .      SeeInvis .    J - +7 morningstar of Kutudd {flame, rElec Str-4 Int+4, Short Sword}
rCold   . . .      Faith    .    c - +0 kite shield
rNeg    . . .      Spirit   .    b - +1 robe
rPois   .          Reflect  .    (helmet restricted)
rElec   +          Harm     .    (no cloak)
rCorr   +          Rampage  .    (gloves unavailable)
Will    .....                    (boots unavailable)
Stlth   ++                       (no amulet)
HPRegen 1.14/turn                j - ring of resist corrosion
MPRegen 0.11/turn                (no ring)

@: very slow
A: large, unfitting armour, claws 3, regeneration 1, shaggy fur 1, tough skin 1
a: Renounce Religion, Bend Time


You were on level 8 of the Dungeon.
You worshipped Cheibriados.
Cheibriados was aware of your devotion.
You visited 2 branches of the dungeon, and saw 9 of its levels.

You collected 417 gold pieces.
You spent 65 gold pieces at shops.

Inventory:

Hand Weapons
 g - a +2 spear of venom
 u - a +0 shortbow
 v - a +0 hand axe
 z - a +2 dagger of holy wrath
 J - the +7 morningstar of Kutudd (weapon) {flame, rElec Str-4 Int+4, Short Sword}
   (You found it on level 4 of the Dungeon)

   It burns those it strikes, dealing additional fire damage.
   Str:       It affects your strength (-4).
   Int:       It affects your intelligence (+4).
   rElec:     It insulates you from electricity.
Missiles
 M - 5 poisoned darts
Armour
 b - a +1 robe (worn)
 c - a +0 kite shield (worn)
 G - the +5 ring mail of the World {*Corrode rElec Regen+ Str+8}
   (You found it on level 4 of the Dungeon)

   Str:       It affects your strength (+8).
   rElec:     It insulates you from electricity.
   Regen:     It increases your rate of health regeneration.
   *Corrode:  It may corrode you when you take damage.
Jewellery
 j - a ring of resist corrosion (left claw)
Wands
 h - a wand of digging (1)
Scrolls
 a - 2 scrolls of fog
 d - a scroll of immolation
 i - 3 scrolls of teleportation
 k - a scroll of amnesia
 n - a scroll of vulnerability
 r - 2 scrolls of enchant armour
 s - 3 scrolls of enchant weapon
 t - a scroll of blinking
 H - a scroll of noise
 I - a scroll of poison
Potions
 e - a potion of invisibility
 f - a potion of attraction
 l - a potion of cancellation
 m - a potion of lignification
 o - a potion of magic
 p - a potion of curing
 q - a potion of heal wounds
 w - a potion of brilliance
 A - 2 potions of haste
 F - 2 potions of might


   Skills:
 + Level 4.8 Fighting
 + Level 3.9(5.3) Axes
 + Level 5.9(6.6) Maces & Flails
 + Level 1.1 Throwing
 + Level 4.6 Dodging
 + Level 1.1 Stealth
 + Level 4.9 Shields
 + Level 0.6 Evocations


You had 8 spell levels left.
You didn't know any spells.
Your spell library contained the following spells:

 Spells                   Type           Power      Damage    Failure   Level
 Cigotuvi's Dreadful Rot  Necr/Pois/Air  0%         N/A       77%         2
 Poisonous Vapours        Pois/Air       0%         N/A       77%         2
 Mephitic Cloud           Conj/Pois/Air  0%         N/A       94%         3
 Tukima's Dance           Hex            0%         N/A       94%         3
 Passage of Golubria      Tloc           0%         N/A       100%        4
 Yara's Violent Unravell  Hex/Tmut       0%         3d3       100%        5


Dungeon Overview and Level Annotations

Branches:
Dungeon (8/15)             Temple (1/1) D:6
   Lair: D:8-11

Altars:
Cheibriados
Dithmenos
Elyvilon
Fedhas
Gozag
Hepliaklqana
Kikubaaqudgha
Makhleb
Nemelex Xobeh
Ru
Sif Muna
Trog
Uskayaw
Vehumet
Wu Jian
Yredelemnul
Zin
The Shining One

Shops:
D:5 =   D:6 (   D:7 !

Annotations:
D:8 Erica


Innate Abilities, Weirdness & Mutations

You are too large for most types of armour.
You have claws for hands.
Your natural rate of healing is unusually fast.
You are covered in fur. (AC +1)
You have tough skin. (AC +1)


Message History

The yak bellows!
You sock the water moccasin! You burn the water moccasin.
The water moccasin is moderately wounded.
You block the wyvern's attack.
A yak comes into view.
You block the yak's attack.
The yak snorts and paws the ground.
The yak gores you but does no damage.
The water moccasin completely misses you.
The wyvern bites you!
A howler monkey comes into view.
The yak gores you. x2
The howler monkey howls!
You thump the water moccasin! You burn the water moccasin.
The water moccasin is severely wounded.
You hear a shout!
The water moccasin bites you. The wyvern bites you!
The water moccasin bites you but does no damage.
Erica the Fiery-Tempered comes into view.
She is wielding a +0 scimitar of flaming.
The wyvern closely misses you. The yak closely misses you.
The yak barely misses you.
You hear an angry hiss. x2
The yak gores you.
* * * LOW HITPOINT WARNING * * *
The water moccasin misses you. The wyvern bites you.
* * * LOW HITPOINT WARNING * * *
The water moccasin attacks as you move away!
You block the water moccasin's attack. The water moccasin misses you.
The wyvern bites you!
* * * LOW HITPOINT WARNING * * *
The yak barely misses you. The wyvern attacks as you move away!
The wyvern barely misses you. You block the wyvern's attack.
You block the water moccasin's attack. The wyvern attacks as you move away!
The wyvern bites you!
* * * LOW HITPOINT WARNING * * *
The howler monkey hoots and howls with incredible vigour!
The wyvern bites you.
* * * LOW HITPOINT WARNING * * *
The water moccasin bites you.
You die...

@♣.. ...h.. .....
.Yh# h..#### #.#
######@......
#....###Y..Y........
#......@lYY......)..
#....###S..Y........
#.. #####.....### .
#........ #.>...###
#.....# #.....#
#..#..#
#######.###.#


You could see Erica, 5 yaks, a water moccasin and a wyvern.

Vanquished Creatures
  Psyche (D:8)
  The ghost of bmack86 the Chopper, an amateur MiFi (D:4)
  A wyvern (D:8)
  Menkaure (D:6)
  2 water moccasins
  A black bear (D:5)
  A wolf (D:5)
  An ogre (D:5)
  A centaur (D:7)
  A bullfrog (D:7)
  A necrophage (D:6)
  3 scorpions
  2 jellies
  2 hounds
  An iron imp (D:6)
  4 iguanas
  2 orc wizards
  4 gnolls (D:6)
  7 adders
  A shadow imp (D:7)
  A white imp (D:6)
  3 ufetubi
  A worm (D:3)
  A dart slug (D:1)
  17 orcs
  6 bats
  2 endoplasms
  A giant cockroach (D:2)
  10 goblins
  3 hobgoblins
  8 jackals (D:2)
  5 quokkas
  5 ball pythons
  5 frilled lizards
  5 kobolds
  6 rats
117 creatures vanquished.

Vanquished Creatures (others)
  A bush (D:8)
  A fungus (D:8)
  20 plants
22 creatures vanquished.

Grand Total: 139 creatures vanquished

Notes
Turn   | Place    | Note
-------+----------+-------------------------------------------
     0 | D:1      | Clinker the Troll Fighter began the quest for the Orb.
     0 | D:1      | Reached XP level 1. HP: 22/22 MP: 0/0
   214 | D:1      | Reached XP level 2. HP: 29/29 MP: 1/1
  1074 | D:2      | Reached XP level 3. HP: 36/36 MP: 2/2
  1833 | D:2      | Noticed a scorpion
  1839 | D:2      | Killed a scorpion
  1840 | D:2      | Reached XP level 4. HP: 45/45 MP: 3/3
  2264 | D:3      | Reached XP level 5. HP: 53/53 MP: 4/4
  2698 | D:4      | Identified the +5 ring mail of the World {*Corrode rElec
                  | Regen+ Str+8}
  2860 | D:4      | Identified the +7 morningstar of Kutudd {flame, rElec Str-4
                  | Int+4}
  2881 | D:4      | Found a runed translucent door.
  2882 | D:4      | Noticed bmack86's ghost (amateur MiFi)
  2899 | D:4      | Killed bmack86's ghost
  2900 | D:4      | Reached XP level 6. HP: 37/61 MP: 5/5
  2989 | D:4      | Reached skill level 1 in Maces & Flails
  2989 | D:4      | Reached skill level 1 in Throwing
  3298 | D:5      | Entered Level 5 of the Dungeon
  3343 | D:5      | Reached XP level 7. HP: 67/67 MP: 6/6
  3351 | D:5      | Found Sounaluh's Jewellery Boutique.
  3466 | D:5      | Found a hide-covered altar of Uskayaw.
  3483 | D:5      | Reached skill level 2 in Maces & Flails
  4155 | D:6      | Found a glowing golden altar of the Shining One.
  4233 | D:6      | Reached skill level 3 in Maces & Flails
  4423 | D:6      | Found a glowing silver altar of Zin.
  4441 | D:6      | Noticed Menkaure
  4467 | D:6      | Killed Menkaure
  4468 | D:6      | Reached XP level 8. HP: 46/78 MP: 7/7
  4521 | D:6      | Reached skill level 4 in Maces & Flails
  4521 | D:6      | Found Kayculu's Weapon Shoppe.
  4730 | D:6      | Found a snail-covered altar of Cheibriados.
  4749 | D:6      | Became a worshipper of Cheibriados the Contemplative
  4862 | D:6      | Found a faded altar of an unknown god.
  4865 | D:6      | Found a staircase to the Ecumenical Temple.
  4890 | Temple   | Entered the Ecumenical Temple
  5161 | D:6      | Found an opulent altar of Gozag.
  5332 | D:7      | Found an ancient bone altar of Kikubaaqudgha.
  5352 | D:7      | Noticed a troll
  5357 | D:7      | Found Joalutor's Distillery.
  5393 | D:7      | Bought a potion of heal wounds for 65 gold pieces
  5508 | D:7      | Found a sparkling altar of Nemelex Xobeh.
  5533 | D:7      | Reached skill level 1 in Stealth
  5537 | D:7      | Reached skill level 5 in Maces & Flails
  6115 | D:8      | Found a hazy altar of Hepliaklqana.
  6123 | D:8      | Noticed Psyche
  6130 | D:8      | Killed Psyche
  6166 | D:8      | Reached XP level 9. HP: 82/87 MP: 8/8
  6175 | D:8      | Reached * piety under Cheibriados
  6198 | D:8      | Noticed Erica
  6202 | D:8      | HP: 3/87 [wyvern (4)]
  6202 | D:8      | Slain by a water moccasin

Illustrated notes

Levels and vault maps discovered:
D:1:      heliophobic_arrival_henge, layout_rooms, reono_crystal_passage,
          dk_noncrumbling_4, minmay_statues_item
D:2:      layout_basic, bh_walls_and_bars
D:3:      layout_rooms, hangedman_decor_clover_reticule
D:4:      layout_rooms, gammafunk_ghost_grave
D:5:      layout_basic, nicolae_uskayaw_dance_hall, serial_shops,
          nicolae_inconvenience_store, minmay_misc_feat_rows
D:6:      layout_loops_ring, pdpol_temple_overflow_zin_treasury_gozag_greed,
          old_standard_altar, slow_altar_1, nicolae_temple_entry_ecumenical,
          serial_shops, nicolae_shop_bloodbath_and_beyond, dk_rats_in_the_wall,
          uniq_menkaure
D:7:      layout_basic, mainiacjoe_overflow_cross_hatched,
          nicolae_kikubaaqudgha_miasma_corner, serial_shops,
          nicolae_shop_advertising_works [nicolae_subvault_shop_adworks]
D:8:      layout_loops_cross, amcnicky_altar_gilded,
          amethyst_overflow_temple_binary, minmay_lair_entry_grove,
          gammafunk_ghost_spectres, uniq_psyche, uniq_erica
Temple:   eino_temple_lava

Skill      XL: |  1  2  3  4  5  6  7  8 |
---------------+-------------------------+-----
Shields        | 3 4 |  4.9
Axes           | 2 3 |  3.9
Fighting       | 3 4 |  4.8
Dodging        | 3 4 |  4.6
Maces & Flails | 1 3 5 |  5.9
Throwing       | 1 |  1.1
Stealth        | 1 |  1.1
Evocations     | |  0.6

Action                   |  1- 3 |  4- 6 |  7- 9 || total
-------------------------+-------+-------+-------++-------
Melee: War axe           |    93 |    53 |       ||   146
       Morningstar       |       |    24 |   148 ||   172
Throw: Stone             |     2 |    16 |       ||    18
Evoke: Wand              |       |       |     9 ||     9
  Use: Potion            |     6 |       |    10 ||    16
       Scroll            |     4 |     4 |    12 ||    20
 Stab: Sleeping          |     1 |       |       ||     1
Armor: Robe              |    51 |    31 |    75 ||   157
Dodge: Dodged            |    40 |    27 |   107 ||   174
Block: Kite shield       |    37 |    37 |    95 ||   169

Table legend: (Time is in decaauts)
 A = Elapsed time spent in this place.
 B = Non-inter-level travel time spent in this place.
 C = Inter-level travel time spent in this place.
 D = Time resting spent in this place.
 E = Time spent auto-exploring this place.
 F = Levels seen in this place.
 G = Mean time per level.
                   A        B        C        D        E       F      G
               +--------+--------+--------+--------+--------+-----+--------+
         Total |   6704 |   6704 |      0 |      0 |   2887 |   9 |  744.9 |
       Dungeon |   6422 |   6422 |      0 |      0 |   2811 |   8 |  802.8 |
        Temple |    282 |    282 |      0 |      0 |     75 |   1 |  282.0 |
               +--------+--------+--------+--------+--------+-----+--------+

Top non-repeatable levels by time:
     D:6: 1077 daAuts
     D:2: 1065 daAuts
     D:1: 1053 daAuts
     D:7: 974 daAuts
     D:5: 817 daAuts
     D:3: 676 daAuts
     D:4: 584 daAuts
  Temple: 282 daAuts
     D:8: 173 daAuts
